Unix NetHack Version 5.0.0-0 post-release - last build May 17 2026 04:57:42 (dc50c8380fa5e20985bfe3072449f57b8d9895ef,branch:main).

Game began 2026-05-18 08:35:58, ended 2026-05-18 08:46:39.

ArrBianca, lawful female human Valkyrie

                                              ----
                                     -------  |..|                   ---
                                 -----.--..----..---     ----       --.--
                                 |.................|    --..--     --...--
                                  -....@)..........--   |....| ----|.....0---
                                  ---.--a.G.--......|  --..%.---.|.|........|
                                    -----..--|......|  |....................|
                                        |..- -.|....|  |-.*---0.............---
                                        |... ..|....|  |...|  ----............|
                                        -..----|...%|---*.--     --.|.>...*...|
                                         ..|   |..####....---     ----..|....--
                                        -.--   -.###))......-      ----.|...--
                                         .-   |..# ####......|   ---)...|--..|
                                         .    |.-####-......-- ---...---- ----
                                        ..    |.  #..........- |<..---
                                        ..    -   #..--.......--.---
                                        .|        ##---..........|
                                       --        .(.   .|.|....---
                                                ----- ------...|
                                                            ----

ArrBianca the Skirmisher    St:18/02 Dx:11 Co:18 In:8 Wi:10 Ch:8  Lawful
Dlvl:5  $:12 HP:0(58) Pw:13(13) AC:6  Xp:5 T:1240 

Latest messages:
 z - 3 daggers.
 The gnome shoots 2 crossbow bolts!
 The 1st crossbow bolt misses you.
 The 2nd crossbow bolt misses you.
 You kill the gnome!
 You kill the gnome!
 You hear crashing rock.
 You stop.  The hobbit is in the way!
 You swap places with the peaceful hobbit.
 The gnome misses!
 The gnome zaps a redwood wand!
 The sleep ray whizzes by you!
 The sleep ray bounces!
 You kill the gnome!
 The gnome zaps a wand of sleep!
 The sleep ray hits you!
 The gnome hits!
 The gnome hits!
 The gnome hits!
 The gnome hits!
 The gnome hits!
 The gnome shoots 2 crossbow bolts!
 The 1st crossbow bolt misses the gnome.
 You are hit by the 1st crossbow bolt.
 The 2nd crossbow bolt hits the gnome.
 The gnome is killed!
 The gnome shoots 2 crossbow bolts!
 The 1st crossbow bolt misses you.
 You are hit by the 2nd crossbow bolt.
 The gnome shoots 2 crossbow bolts!
 You are hit by the 1st crossbow bolt.
 You are almost hit by the 2nd crossbow bolt.
 The gnome wields a rusty aklys!
 The gnome secures the tether on the aklys.
 The gnome throws an aklys!
 You are hit by an aklys.
 You dream that you hear crashing rock.
 The gnome throws an aklys!
 You are hit by an aklys!
 The giant ant bites!
 The giant ant bites!
 The giant ant bites!
 The giant ant bites!
 The giant ant bites!
 The giant ant bites!
 The giant ant bites!
 You die...
 Do you want an account of creatures vanquished? [ynaq] (y) y
 Do you want to see your conduct and achievements? [ynq] (y) y
 Do you want to see the dungeon overview? [ynq] (y) y

Inventory:
 Coins    ('$')
  $ - 12 gold pieces
 Weapons  (')')
  m - 4 rustproof +0 darts
  n - 31 +0 darts
  u - 5 blessed +0 daggers (at the ready)
  f - a +1 dagger
  b - a +0 dagger (alternate weapon; not wielded)
  z - 3 cursed -2 daggers
  a - a +1 spear (weapon in right hand)
 Armor    ('[')
  s - an uncursed +0 pair of iron shoes
  c - an uncursed +3 small shield (being worn)
 Comestibles  ('%')
  o - an uncursed apple
  d - 5 uncursed food rations
 Spellbooks  ('+')
  t - an uncursed spellbook of light
  j - an uncursed spellbook of magic mapping
 Potions  ('!')
  g - an uncursed potion of healing
  h - an uncursed potion of sickness
 Rings    ('=')
  x - an uncursed ring of polymorph control
 Wands    ('/')
  w - a wand of locking (0:7)
  y - a wand of make invisible (0:2)
 Tools    ('(')
  q - a cursed lock pick
  e - a +0 pick-axe
  p - an uncursed tallow candle
 Gems/Stones  ('*')
  i - an uncursed worthless piece of black glass
  r - a cursed worthless piece of green glass

ArrBianca the Valkyrie's attributes:

Background:
 You were a Skirmisher, a level 5 human Valkyrie.
 You were lawful, nominally on a mission for Tyr
 who was opposed by Odin (neutral) and Loki (chaotic).
 You were right-handed.
 You were in the Gnomish Mines, on level 5.
 You entered the dungeon 1240 turns ago.
 There was a new moon in effect when your adventure ended.
 You had 309 experience points, 11 more were needed to attain level 6.

Basics:
 You had 0 out of 58 hit points.
 You had all 13 energy points (spell power).
 Your armor class was 6.
 Your wallet contained 12 zorkmids.
 Autopickup was on for '$?!/="+%' plus thrown, with exceptions.

Final Characteristics:
 Your strength was 18/02 (limit:18/100).
 Your dexterity was 11 (limit:18).
 Your constitution was 18 (limit:18).
 Your intelligence was 8 (limit:18).
 Your wisdom was 10 (limit:18).
 Your charisma was 8 (limit:18).

Final Status:
 You weren't hungry.
 You were unencumbered.
 You were wielding a spear.
 You had basic skill with spear.

Final Attributes:
 You were devoutly aligned.
 You were cold resistant.
 You were stealthy.
 You are dead.

Miscellaneous:
 You didn't encounter any bones levels.
 Total elapsed playing time was 10 minutes and 41 seconds.

Major events:
 Turn
    1: ArrBianca the lawful human Valkyrie entered the dungeon
  699: entered the Gnomish Mines
  709: attained the rank of Skirmisher (level 3)
 1240: killed by a giant ant, while sleeping

You didn't know any spells.

Skills:
 Fighting Skills
   bare handed combat [Unskilled]
   two weapon combat  [Unskilled]
   riding             [Unskilled]
 Weapon Skills
   dagger             [Basic]
   axe                [Unskilled]
   pick-axe           [Unskilled]
   short sword        [Unskilled]
   broadsword         [Unskilled]
   long sword         [Unskilled]
   two-handed sword   [Unskilled]
   saber              [Unskilled]
   hammer             [Unskilled]
   quarterstaff       [Unskilled]
   polearms           [Unskilled]
   spear              [Basic]
   trident            [Unskilled]
   lance              [Unskilled]
   sling              [Unskilled]
 Spellcasting Skills
   attack spells      [Unskilled]
   escape spells      [Unskilled]

Voluntary challenges:
 Character rerolling was not enabled.
 You were an atheist.
 You never had a pet.
 You never genocided any monsters.
 You never polymorphed an object.
 You never changed form.
 You used no wishes.
Achievements:
 You entered the Gnomish Mines.
 You attained the rank of Skirmisher.

 The Dungeons of Doom: levels 1 to 2
    Level 1:
       A fountain.
    Level 2:
       Some fountains.
       Stairs down to The Gnomish Mines.
 The Gnomish Mines: levels 3 to 5
    Level 3:
    Level 4:
    Level 5: <- You were here.
       Final resting place for
          you, killed by a giant ant, while sleeping.


Vanquished creatures:
  3 gnome leaders
  2 gnomish wizards
  a dwarf
  2 kobold leaders
  a rabid rat
  a giant bat
 an acid blob
 22 gnomes
  3 jackals
  a kobold
  a goblin
  a grid bug
  a lichen
  a newt
41 creatures vanquished.

No species were genocided or became extinct.

Game over:
                       ----------
                      /          \
                     /    REST    \
                    /      IN      \
                   /     PEACE      \
                  /                  \
                  |    ArrBianca     |
                  |      12 Au       |
                  |   killed by a    |
                  |    giant ant     |
                  |                  |
                  |                  |
                  |       2026       |
                 *|     *  *  *      | *
        _________)/\\_//(\/(/\)/\//\/|_)_______

Farvel ArrBianca the Valkyrie...

You died in The Gnomish Mines on dungeon level 5 with 1447 points,
and 12 pieces of gold, after 1240 moves.
You were level 5 with a maximum of 58 hit points when you died.

